 Dungeon Crawl Stone Soup version 0.24-a0-441-g27f0392e16 (webtiles) character file.

Game seed: 9561102764780536548

72 Ijustatesigmund the Skirmisher (level 4, -1/49 HPs)
             Began as an Ogre Hunter on June 19, 2019.
             Slain by a sky beast (2 damage)
             ... on level 3 of the Dungeon.
             The game lasted 00:04:41 (2636 turns).

Ijustatesigmund the Skirmisher (Ogre Hunter)        Turns: 2636, Time: 00:04:42

Health: -1/49      AC:  4    Str: 14 (16) XL:     4   Next: 26%
Magic:  4/4        EV:  7    Int:  9 (12) God:
Gold:   156        SH:  6    Dex:  8 (10) Spells: 3/3 levels left

rFire    + . .     SeeInvis .   a - +0 whip
rCold    + . .     Gourm    .   o - +0 shield
rNeg     . . .     Faith    +   b - +1 robe
rPois    +         Spirit   .   (helmet restricted)
rElec    +         Reflect  .   (no cloak)
rCorr    +         Harm     .   (gloves unavailable)
MR       .....     Rnd*Tele +   (boots unavailable)
Stlth    +.........             g - amulet of faith
HPRegen  0.16/turn              j - ring of teleportation (curse)
MPRegen  0.09/turn              (no ring)

@: resistant
A: large, unfitting armour, tough skin 1
a: no special abilities


You were on level 3 of the Dungeon.
You were hungry.

You visited 1 branch of the dungeon, and saw 3 of its levels.

You collected 156 gold pieces.

Inventory:

Hand Weapons
 a - a +0 whip (weapon)
Missiles
 d - a throwing net (quivered)
Armour
 b - a +1 robe (worn)
 o - a +0 shield (worn)
Jewellery
 g - an amulet of faith (around neck)
 j - a cursed ring of teleportation (left hand)
Scrolls
 l - a scroll of enchant armour
Comestibles
 f - 5 rations


   Skills:
 + Level 4.6 Fighting
 * Level 2.1 Maces & Flails
 - Level 4.0 Throwing
 - Level 1.7 Dodging
 - Level 0.6 Stealth


You had 3 spell levels left.
You didn't know any spells.
Your spell library was empty.

Dungeon Overview and Level Annotations

Branches:
Dungeon (3/15)

Altars:
The Shining One


Innate Abilities, Weirdness & Mutations

You are too large for most types of armour.
You have tough skin. (AC +1)


Message History

Something hits you.
* * * LOW HITPOINT WARNING * * *
Something shocks you. You resist.
* * * LOW HITPOINT WARNING * * *
You hit something but do no damage. Something hits you.
* * * LOW HITPOINT WARNING * * *
Something shocks you. You resist.
* * * LOW HITPOINT WARNING * * *
You barely miss something. Something hits you.
* * * LOW HITPOINT WARNING * * *
Something shocks you. You resist.
* * * LOW HITPOINT WARNING * * *
You closely miss something. Something hits you.
* * * LOW HITPOINT WARNING * * *
Something shocks you. You resist.
* * * LOW HITPOINT WARNING * * *
You closely miss something. Something hits you.
* * * LOW HITPOINT WARNING * * *
Something shocks you. You resist.
You die...

#####
##############....
#@..............##
#{############....
#.# #.......###.##
#.# #...........#
#.# #..####.#####
#(# #).# #.# # #.#
#..# #.# .. #(#
#..# #.# ... #.#
#..####+##....


There were no monsters in sight!

Vanquished Creatures
  2 adders (D:2)
  4 worms
  A dart slug (D:2)
  2 leopard geckos
  3 ball pythons (D:2)
  2 bats
  3 giant cockroaches
  5 goblins
  4 hobgoblins
  A quokka (D:2)
  2 frilled lizards
  3 kobolds
  5 rats
37 creatures vanquished.

Notes
Turn   | Place    | Note
-------+----------+-------------------------------------------
     0 | D:1      | Ijustatesigmund the Ogre Hunter began the quest for the
                  | Orb.
     0 | D:1      | Reached XP level 1. HP: 22/22 MP: 1/1
   229 | D:1      | Reached XP level 2. HP: 24/31 MP: 2/2
  1059 | D:2      | Reached XP level 3. HP: 37/39 MP: 3/3
  1085 | D:2      | Reached skill level 1 in Maces & Flails
  1266 | D:2      | Found a glowing golden altar of the Shining One.
  1787 | D:2      | Reached XP level 4. HP: 19/49 MP: 4/4
  2568 | D:3      | Noticed a sky beast
  2636 | D:3      | HP: 1/49 [something (3)]
  2636 | D:3      | Slain by a sky beast

Levels and vault maps discovered:
D:1:      dpeg_arrival_rhombus, layout_basic
D:2:      layout_basic, minmay_misc_feat_nine_boxes,
          nicolae_tso_carved_into_rock
D:3:      layout_basic

Skill      XL: |  1  2  3  4 |
---------------+-------------+-----
Fighting       | 3 4 |  4.6
Maces & Flails | 1 2 |  2.1
Throwing       | |  4.0
Dodging        | |  1.7
Stealth        | |  0.6

Action                   |  1- 3 |  4- 6 || total
-------------------------+-------+-------++-------
Melee: Short sword       |    40 |       ||    40
       Whip              |   100 |    50 ||   150
Throw: Large rock        |     7 |     5 ||    12
       Throwing net      |     1 |       ||     1
  Use: Scroll            |     2 |     2 ||     4
       Potion            |       |     5 ||     5
 Stab: Sleeping          |     2 |       ||     2
  Eat: Chunk             |     3 |     2 ||     5
Armor: Robe              |    22 |     8 ||    30
Dodge: Dodged            |    52 |    18 ||    70
Block: Shield            |       |     3 ||     3

Table legend:
 A = Non-vault XP
 B = Vault XP
 C = Vault XP percentage of total XP
 D = Non-vault monster count
 E = Vault monster count
 F = Vault count percentage of total count
                 A         B        C        D         E       F
            +---------+---------+-------+---------+---------+-------
      Total |     104 |       0 |   0.0 |      37 |       0 |   0.0
            +---------+---------+-------+---------+---------+-------
        D:1 |      20 |       0 |   0.0 |      12 |       0 |   0.0
        D:2 |      76 |       0 |   0.0 |      22 |       0 |   0.0
        D:3 |       8 |       0 |   0.0 |       3 |       0 |   0.0
            +---------+---------+-------+---------+---------+-------
